[Event "35th European Club Cup 2019"]
[Site "Ulcinj"]
[Date "2019.11.13"]
[Round "4.3"]
[White "Esipenko, Andrey"]
[Black "Sadikhov, Ulvi"]
[Result "1-0"]
[ECO "E90"]
[WhiteElo "2636"]
[BlackElo "2502"]
[Annotator "ChessBase"]
[PlyCount "81"]
[EventDate "2019.11.10"]
[EventType "team-tourn"]
[EventCountry "MNE"]
[SourceTitle "playchess.com"]
[Source "ChessBase"]
[SourceQuality "1"]
[WhiteTeam "Molodezka"]
[BlackTeam "Vugar Gashimov"]
[TimeControl "40/5400+30:1800+30"]

1. d4 Nf6 2. c4 g6 3. Nc3 Bg7 4. e4 d6 5. Nf3 Bg4 6. Be2 Nfd7 7. Be3 O-O 8. O-O Nc6 9. d5 Bxf3 10. gxf3 Ncb8 11. Rc1 e5 12. b4 a5 13. a3 axb4 14. axb4 Na6 15. Rb1 Qh4 16. c5 dxc5 17. Bxa6 bxa6 18. bxc5 Bh6 19. Bxh6 Qxh6 20. c6 Nf6 21. Rb7 Rfc8 22. Qc1 Qh3 23. Qe3 Nh5 24. Ne2 a5 25. Ra1 a4 26. Ra3 Qh4 27. Qc3 Qe7 28. Kf1 Rcb8 29. Qb2 Rc8 30. Qa1 Qf6 31. Qc3 Nf4 32. Nxf4 Qxf4 33. h3 f5 34. Qc4 fxe4 35. d6+ Qf7 36. Qxe4 Qe6 37. d7 Rf8 38. Kg2 Rf4 39. Rxa4 Raf8 40. Qd3 Qxc6 41. Rxf4 1-0

[Event "35th European Club Cup 2019"]
[Site "Ulcinj"]
[Date "2019.11.13"]
[Round "4.3"]
[White "Lammens, Tim"]
[Black "Brunner, Lucas"]
[Result "0-1"]
[ECO "B39"]
[WhiteElo "2258"]
[BlackElo "2441"]
[Annotator "NA"]
[PlyCount "28"]
[EventDate "2019.11.10"]
[EventType "team-tourn"]
[EventCountry "MNE"]
[SourceTitle "playchess.com"]
[Source "ChessBase"]
[SourceQuality "1"]
[WhiteTeam "Apeldoorn"]
[BlackTeam "Zurich SG"]
[TimeControl "40/5400+30:1800+30"]

1. Nf3 c5 2. c4 g6 3. d4 cxd4 4. Nxd4 Nc6 5. e4 Bg7 6. Be3 Nf6 7. Nc3 Ng4 8. Qxg4 Nxd4 9. Qd1 Ne6 10. Qd2 Qa5 11. Rb1 Bxc3 12. bxc3 d6 13. Be2 Qc7 14. O-O b6 0-1

[Event "35th European Club Cup 2019"]
[Site "Ulcinj"]
[Date "2019.11.13"]
[Round "4.4"]
[White "Maenhout, Thibaut"]
[Black "Sengupta, Deep"]
[Result "1/2-1/2"]
[ECO "B10"]
[WhiteElo "2372"]
[BlackElo "2557"]
[Annotator "ChessBase"]
[PlyCount "93"]
[EventDate "2019.11.10"]
[EventType "team-tourn"]
[EventCountry "MNE"]
[SourceTitle "playchess.com"]
[Source "ChessBase"]
[SourceQuality "1"]
[WhiteTeam "HWP Sas van Gent"]
[BlackTeam "Koge SK"]
[TimeControl "40/5400+30:1800+30"]

1. e4 c6 2. c4 e5 3. Nc3 Nf6 4. Nf3 d6 5. d4 Bg4 6. Be2 Nbd7 7. O-O Be7 8. h3 Bxf3 9. Bxf3 O-O 10. Be3 a6 11. a4 exd4 12. Bxd4 a5 13. g3 Ne8 14. Qb3 Bf6 15. Be3 Qc7 16. Bg2 Nc5 17. Qc2 Qb6 18. f4 Qb4 19. Qe2 Nc7 20. Rad1 Rad8 21. Kh1 N7e6 22. g4 Rfe8 23. g5 Bxc3 24. bxc3 Qxc3 25. f5 Nf8 26. Rf4 Qb3 27. Bd4 Qxa4 28. Rh4 Rd7 29. Rf1 Re5 30. Qb2 b5 31. Ra1 Qxc4 32. Rxa5 Nd3 33. Qa1 Qc1+ 34. Qxc1 Nxc1 35. Ra8 c5 36. g6 hxg6 37. fxg6 fxg6 38. Rf4 Rf7 39. Bxe5 dxe5 40. Rxf7 Kxf7 41. Bf1 c4 42. Rb8 Nb3 43. Rxb5 Nd2 44. Be2 Ne6 45. Rxe5 Nf4 46. Bg4 Nd3 47. Rd5 1/2-1/2

[Event "35th European Club Cup 2019"]
[Site "Ulcinj"]
[Date "2019.11.13"]
[Round "4.5"]
[White "Antipov, Mikhail Al."]
[Black "Suleymanli, Aydin"]
[Result "0-1"]
[ECO "B10"]
[WhiteElo "2558"]
[BlackElo "2429"]
[Annotator "ChessBase"]
[PlyCount "98"]
[EventDate "2019.11.10"]
[EventType "team-tourn"]
[EventCountry "MNE"]
[SourceTitle "playchess.com"]
[Source "ChessBase"]
[SourceQuality "1"]
[WhiteTeam "Molodezka"]
[BlackTeam "Vugar Gashimov"]
[TimeControl "40/5400+30:1800+30"]

1. e4 c6 2. Nf3 d5 3. d3 Bg4 4. h3 Bh5 5. Nbd2 e6 6. Qe2 Nd7 7. g3 Bd6 8. Bg2 Ne7 9. O-O O-O 10. Re1 Kh8 11. Qf1 c5 12. c3 Rc8 13. a4 h6 14. exd5 exd5 15. d4 Bg6 16. Kh2 Qc7 17. dxc5 Nxc5 18. Nd4 a6 19. Re3 Qd7 20. Qe2 f5 21. f4 Ne4 22. b3 Nxc3 23. Rxc3 Rxc3 24. Bb2 Rcc8 25. Re1 Bb4 26. Qd3 Nc6 27. Re6 Kh7 28. N2f3 Nxd4 29. Nxd4 Rce8 30. Rxe8 Rxe8 31. Nf3 Qc7 32. Ne5 Rc8 33. Nxg6 Kxg6 34. Qxd5 Qd6 35. Qxb7 Rc7 36. Qa8 Bc3 37. Bc1 Bf6 38. Qb8 Qd8 39. Qxd8 Bxd8 40. Bb2 Bf6 41. Bxf6 Kxf6 42. a5 Rc2 43. h4 g5 44. hxg5+ hxg5 45. fxg5+ Kxg5 46. Kh3 Rc3 47. Kh2 Rxb3 48. Bf1 Re3 49. Bxa6 Kg4 0-1

[Event "35th European Club Cup 2019"]
[Site "Ulcinj"]
[Date "2019.11.13"]
[Round "4.6"]
[White "Piceu, Tom"]
[Black "Percivaldi, Martin"]
[Result "1-0"]
[ECO "D21"]
[WhiteElo "2354"]
[BlackElo "2384"]
[Annotator "NA"]
[PlyCount "95"]
[EventDate "2019.11.10"]
[EventType "team-tourn"]
[EventCountry "MNE"]
[SourceTitle "playchess.com"]
[Source "ChessBase"]
[SourceQuality "1"]
[WhiteTeam "HWP Sas van Gent"]
[BlackTeam "Koge SK"]
[TimeControl "40/5400+30:1800+30"]

1. d4 d5 2. c4 dxc4 3. Nf3 a6 4. e3 Bg4 5. Bxc4 e6 6. h3 Bh5 7. g4 Bg6 8. Nc3 Nc6 9. O-O Bb4 10. d5 exd5 11. Nxd5 Be4 12. Nxb4 Qxd1 13. Rxd1 Bxf3 14. Nxc6 Bxd1 15. Ne5 Nf6 16. Bxf7+ Kd8 17. b3 Kc8 18. Ba3 Be2 19. Rc1 Rd8 20. g5 Ne4 21. h4 Rd2 22. Bb4 Rxa2 23. Be6+ Kb8 24. Bf5 a5 25. Bf8 Ka7 26. Bxg7 Nxf2 27. Rxc7 Bb5 28. Nf7 Kb6 29. Rc3 a4 30. Bd4+ Ka5 31. Nd6 Bc6 32. bxa4 Rd8 33. Nc4+ Kb4 34. Rc1 Ng4 35. Nb2 Rxb2 36. Bxb2 Nxe3 37. Bf6 Nxf5 38. Bxd8 Nxh4 39. Be7+ Ka5 40. Bd8+ Kb4 41. a5 Nf3+ 42. Kf2 Ne5 43. Ke3 Kb5 44. Rb1+ Ka6 45. Rb6+ Ka7 46. Kf4 Nd3+ 47. Kf5 Nc5 48. Rxc6 1-0

[Event "35th European Club Cup 2019"]
[Site "Ulcinj"]
[Date "2019.11.13"]
[Round "4.8"]
[White "Koykka, Pekka"]
[Black "Polzin, Rainer"]
[Result "1/2-1/2"]
[ECO "B15"]
[WhiteElo "2379"]
[BlackElo "2411"]
[Annotator "NA"]
[PlyCount "109"]
[EventDate "2019.11.10"]
[EventType "team-tourn"]
[EventCountry "MNE"]
[SourceTitle "playchess.com"]
[Source "ChessBase"]
[SourceQuality "1"]
[WhiteTeam "Tammer-Shakki"]
[BlackTeam "Berlin"]
[TimeControl "40/5400+30:1800+30"]

1. d4 d5 2. Nc3 c6 3. e4 dxe4 4. Nxe4 Nf6 5. Nxf6+ exf6 6. c3 Bd6 7. Bd3 O-O 8. Qc2 h5 9. Be3 Re8 10. O-O-O Qa5 11. Kb1 Be6 12. c4 Na6 13. a3 b5 14. c5 Bf8 15. Ne2 Qd8 16. Nf4 Nc7 17. Nxe6 Rxe6 18. h4 Nd5 19. Bh7+ Kh8 20. Qf5 Rxe3 21. Qxh5 Nf4 22. Qxf7 Qd5 23. Qxd5 Nxd5 24. fxe3 Kxh7 25. e4 Ne3 26. Rd2 Rd8 27. Re1 Nc4 28. Rdd1 a5 29. a4 bxa4 30. Ka2 a3 31. bxa3 a4 32. g4 Kg6 33. d5 Ne5 34. dxc6 Rc8 35. Rd5 Rxc6 36. g5 Rxc5 37. Rxc5 Bxc5 38. gxf6 Kxf6 39. Rf1+ Ke6 40. h5 Be7 41. Rh1 Bf8 42. Rf1 Nd7 43. Rf5 Nf6 44. Kb2 Bd6 45. Ra5 Be5+ 46. Kc2 Nxh5 47. Ra6+ Ke7 48. Kd3 g5 49. Ke3 Nf6 50. Rxa4 g4 51. Ra7+ Kd6 52. Rg7 Nd5+ 53. exd5 Bxg7 54. Kf4 Kxd5 55. Kxg4 1/2-1/2

[Event "35th European Club Cup 2019"]
[Site "Ulcinj"]
[Date "2019.11.13"]
[Round "4.9"]
[White "Florstedt, Johannes"]
[Black "Maki, Veijo"]
[Result "1-0"]
[ECO "B69"]
[WhiteElo "2352"]
[BlackElo "2357"]
[Annotator "NA"]
[PlyCount "113"]
[EventDate "2019.11.10"]
[EventType "team-tourn"]
[EventCountry "MNE"]
[SourceTitle "playchess.com"]
[Source "ChessBase"]
[SourceQuality "1"]
[WhiteTeam "Berlin"]
[BlackTeam "Tammer-Shakki"]
[TimeControl "40/5400+30:1800+30"]

1. e4 c5 2. Nf3 d6 3. d4 cxd4 4. Nxd4 Nf6 5. Nc3 Nc6 6. Bg5 e6 7. Qd2 a6 8. O-O-O Be7 9. f4 Bd7 10. Nf3 b5 11. Bxf6 gxf6 12. f5 Qb6 13. Qh6 O-O-O 14. Qh5 Rhf8 15. Kb1 Kb7 16. Bd3 Qc5 17. Rhe1 Rc8 18. Bf1 b4 19. Ne2 Na5 20. Rc1 e5 21. c4 b3 22. axb3 Nxb3 23. Rc3 Qb4 24. Nc1 Nxc1 25. Rexc1 Rc6 26. Ne1 Rb6 27. Nd3 Qa4 28. c5 dxc5 29. Rc4 Qc6 30. Qf3 Rc8 31. Nb4 Qb5 32. R1c2 Bc6 33. Nd3 Qa5 34. Nxc5+ Bxc5 35. Rxc5 Qe1+ 36. Ka2 Rd8 37. Bd3 Rd4 38. R5c4 Rb4 39. Rxd4 Rxd4 40. Bxa6+ Kb6 41. Qb3+ Rb4 42. Re2 Rxb3 43. Rxe1 Rb4 44. Bd3 Rd4 45. Re3 Bb5 46. Bxb5 Kxb5 47. Kb3 Rd2 48. Rh3 Kc5 49. Rxh7 Kd4 50. Rxf7 Kxe4 51. g4 Rd6 52. h3 Kf3 53. Re7 e4 54. Re6 Rd8 55. Rxf6 e3 56. Re6 e2 57. Kc4 1-0

[Event "35th European Club Cup 2019"]
[Site "Ulcinj"]
[Date "2019.11.13"]
[Round "4.10"]
[White "Beikert, Guenther"]
[Black "Lemmers, Oscar"]
[Result "1/2-1/2"]
[ECO "A20"]
[WhiteElo "2380"]
[BlackElo "2346"]
[Annotator "NA"]
[PlyCount "74"]
[EventDate "2019.11.10"]
[EventType "team-tourn"]
[EventCountry "MNE"]
[SourceTitle "playchess.com"]
[Source "ChessBase"]
[SourceQuality "1"]
[WhiteTeam "Viernheim"]
[BlackTeam "KGSRL Gent"]
[TimeControl "40/5400+30:1800+30"]

1. c4 e5 2. g3 c6 3. d4 e4 4. Nc3 d5 5. Bf4 Nf6 6. e3 dxc4 7. Bxc4 Bb4 8. Nge2 O-O 9. a3 Bxc3+ 10. Nxc3 Bg4 11. Be2 Bxe2 12. Qxe2 Re8 13. Bg5 Nbd7 14. O-O-O h6 15. Bxf6 Nxf6 16. Kb1 Nd5 17. Nxd5 Qxd5 18. Rc1 Rad8 19. Rc5 Qe6 20. Rhc1 Rd6 21. h4 f6 22. Qh5 Qf7 23. Qd1 Red8 24. Qa4 a6 25. Qa5 Rd5 26. Qb6 R8d7 27. Qa7 Kh7 28. Qb8 Rxc5 29. Rxc5 Rd5 30. Rxd5 Qxd5 31. Qxb7 Qc4 32. h5 a5 33. a4 Qxa4 34. Qe7 f5 35. Qe8 Qd1+ 36. Ka2 Qa4+ 37. Kb1 Qd1+ 1/2-1/2

[Event "35th European Club Cup 2019"]
[Site "Ulcinj"]
[Date "2019.11.13"]
[Round "4.12"]
[White "Duijn, Rob"]
[Black "Laketic, Gojko"]
[Result "1/2-1/2"]
[ECO "A46"]
[WhiteElo "2220"]
[BlackElo "2346"]
[Annotator "NA"]
[PlyCount "89"]
[EventDate "2019.11.10"]
[EventType "team-tourn"]
[EventCountry "MNE"]
[SourceTitle "playchess.com"]
[Source "ChessBase"]
[SourceQuality "1"]
[WhiteTeam "Kennemer Combinatie"]
[BlackTeam "Sloven Ruma"]
[TimeControl "40/5400+30:1800+30"]

1. d4 Nf6 2. Nf3 e6 3. Bg5 c5 4. c3 Be7 5. Nbd2 d5 6. e3 Nbd7 7. Bd3 O-O 8. O-O b6 9. Re1 Bb7 10. Qc2 h6 11. Bh4 c4 12. Be2 b5 13. a3 Bd6 14. Bxf6 Qxf6 15. e4 Qg6 16. Nh4 Qh7 17. Bd1 Bf4 18. Nhf3 Rfe8 19. e5 Qxc2 20. Bxc2 h5 21. g3 Bh6 22. h4 a5 23. Ng5 Bc6 24. f4 g6 25. Bd1 b4 26. axb4 axb4 27. Bf3 Nb6 28. Kf2 Bf8 29. Ke3 Bb5 30. f5 exf5 31. Kf4 Bd7 32. Rxa8 Rxa8 33. Nxc4 Nxc4 34. Bxd5 Rc8 35. Bxf7+ Kg7 36. Bxc4 Rxc4 37. Ra1 Rc7 38. Ra6 bxc3 39. bxc3 Bc8 40. Rf6 Rxc3 41. Rf7+ Kg8 42. Rf6 Kg7 43. Rf7+ Kg8 44. Rf6 Kg7 45. Rf7+ 1/2-1/2

[Event "35th European Club Cup 2019"]
[Site "Ulcinj"]
[Date "2019.11.13"]
[Round "4.12"]
[White "Iivonen, Markku"]
[Black "Nogly, Christoph"]
[Result "0-1"]
[ECO "D37"]
[WhiteElo "2096"]
[BlackElo "2235"]
[Annotator "NA"]
[PlyCount "28"]
[EventDate "2019.11.10"]
[EventType "team-tourn"]
[EventCountry "MNE"]
[SourceTitle "playchess.com"]
[Source "ChessBase"]
[SourceQuality "1"]
[WhiteTeam "Tammer-Shakki"]
[BlackTeam "Berlin"]
[TimeControl "40/5400+30:1800+30"]

1. d4 d5 2. c4 e6 3. Nc3 Nf6 4. Nf3 Nbd7 5. g3 dxc4 6. Bg2 c6 7. a4 Be7 8. O-O O-O 9. e4 e5 10. dxe5 Ng4 11. e6 fxe6 12. Nd4 Nde5 13. h3 Nxf2 14. Rxf2 Rxf2 0-1

[Event "35th European Club Cup 2019"]
[Site "Ulcinj"]
[Date "2019.11.13"]
[Round "4.13"]
[White "Laurusas, Tomas"]
[Black "Heimann, Andreas"]
[Result "1/2-1/2"]
[ECO "D59"]
[WhiteElo "2499"]
[BlackElo "2617"]
[Annotator "ChessBase"]
[PlyCount "61"]
[EventDate "2019.11.10"]
[EventType "team-tourn"]
[EventCountry "MNE"]
[SourceTitle "playchess.com"]
[Source "ChessBase"]
[SourceQuality "1"]
[WhiteTeam "MRU-ROSK Consulting"]
[BlackTeam "Riehen SG"]
[TimeControl "40/5400+30:1800+30"]

1. d4 Nf6 2. c4 e6 3. Nf3 d5 4. Nc3 Be7 5. Bg5 h6 6. Bh4 O-O 7. e3 b6 8. cxd5 Nxd5 9. Bxe7 Qxe7 10. Rc1 Bb7 11. Nxd5 Bxd5 12. Bc4 Bb7 13. O-O Rc8 14. Qe2 c5 15. Rfd1 cxd4 16. Nxd4 Nc6 17. Nxc6 Rxc6 18. Ba6 Rxc1 19. Rxc1 Rd8 20. Bxb7 Qxb7 21. h3 Qd5 22. b3 a5 23. Qc2 Qd2 24. Qxd2 Rxd2 25. Rc8+ Kh7 26. Rb8 Rxa2 27. Rxb6 a4 28. bxa4 Ra1+ 29. Kh2 Rxa4 30. Rb7 Kg8 31. Rb8+ 1/2-1/2

[Event "35th European Club Cup 2019"]
[Site "Ulcinj"]
[Date "2019.11.13"]
[Round "4.13"]
[White "Subelj, Jan"]
[Black "Pijpers, Arthur"]
[Result "1/2-1/2"]
[ECO "B52"]
[WhiteElo "2398"]
[BlackElo "2473"]
[Annotator "ChessBase"]
[PlyCount "60"]
[EventDate "2019.11.10"]
[EventType "team-tourn"]
[EventCountry "MNE"]
[SourceTitle "playchess.com"]
[Source "ChessBase"]
[SourceQuality "1"]
[WhiteTeam "Maribor"]
[BlackTeam "LSG IntelliMagic"]
[TimeControl "40/5400+30:1800+30"]

1. e4 c5 2. Nf3 d6 3. Bb5+ Bd7 4. Bxd7+ Qxd7 5. c4 Nf6 6. Nc3 g6 7. d4 cxd4 8. Nxd4 Bg7 9. f3 O-O 10. Be3 Nc6 11. O-O a6 12. Rc1 Nxd4 13. Bxd4 b5 14. Nd5 Nxd5 15. cxd5 Bh6 16. Rc2 Rac8 17. Rff2 Rxc2 18. Rxc2 Rc8 19. Qd3 Bg7 20. Be3 Rc7 21. Bb6 Rc8 22. Qd2 f5 23. Qc1 Rxc2 24. Qxc2 fxe4 25. fxe4 Qg4 26. h3 Qf4 27. Qc8+ Kf7 28. Qe6+ Kf8 29. Qc8+ Kf7 30. Qe6+ Kf8 1/2-1/2

[Event "35th European Club Cup 2019"]
[Site "Ulcinj"]
[Date "2019.11.13"]
[Round "4.13"]
[White "Murray, David"]
[Black "Goldsztejn, Gildas"]
[Result "0-1"]
[ECO "B02"]
[WhiteElo "2136"]
[BlackElo "2426"]
[Annotator "NA"]
[PlyCount "30"]
[EventDate "2019.11.10"]
[EventType "team-tourn"]
[EventCountry "MNE"]
[SourceTitle "playchess.com"]
[Source "ChessBase"]
[SourceQuality "1"]
[WhiteTeam "Gonzaga"]
[BlackTeam "Asnieres"]
[TimeControl "40/5400+30:1800+30"]

1. e4 Nf6 2. Nc3 d5 3. exd5 Nxd5 4. Bc4 Nb6 5. Bb3 Nc6 6. Qh5 g6 7. Qf3 Bf5 8. Nge2 Bg7 9. g4 Ne5 10. Qxb7 Bxg4 11. Nd5 Bf3 12. d4 Nxd5 13. dxe5 Nc3 14. Bxf7+ Kf8 15. Nd4 Bxb7 0-1

[Event "35th European Club Cup 2019"]
[Site "Ulcinj"]
[Date "2019.11.13"]
[Round "4.14"]
[White "Renet, Olivier"]
[Black "Krivonosov, Oleg"]
[Result "1/2-1/2"]
[ECO "D31"]
[WhiteElo "2475"]
[BlackElo "2404"]
[Annotator "ChessBase"]
[PlyCount "182"]
[EventDate "2019.11.10"]
[EventType "team-tourn"]
[EventCountry "MNE"]
[SourceTitle "playchess.com"]
[Source "ChessBase"]
[SourceQuality "1"]
[WhiteTeam "Riehen SG"]
[BlackTeam "MRU-ROSK Consulting"]
[TimeControl "40/5400+30:1800+30"]

1. d4 d5 2. c4 e6 3. Nc3 Be7 4. cxd5 exd5 5. Bf4 Nf6 6. e3 O-O 7. Nf3 c5 8. dxc5 Bxc5 9. Be2 Nc6 10. O-O Be6 11. Rc1 Bd6 12. Bxd6 Qxd6 13. Qa4 a6 14. Qh4 Rac8 15. Rcd1 Rfd8 16. Rd2 h6 17. Rfd1 Qe7 18. h3 Kf8 19. Nd4 Nxd4 20. Rxd4 Rd7 21. Qf4 Qc5 22. Bf3 Qc7 23. Qxc7 Rcxc7 24. g4 Ke7 25. Kg2 Rc5 26. a3 b5 27. Kg3 Rc4 28. Bg2 g6 29. f4 Rdc7 30. Bf3 h5 31. g5 Ne4+ 32. Nxe4 Rxd4 33. Rxd4 dxe4 34. Bxe4 Rc1 35. h4 Rg1+ 36. Bg2 Bc4 37. Kf2 Rc1 38. Rd2 Be6 39. Bf3 a5 40. e4 b4 41. axb4 axb4 42. Bd1 Bg4 43. Bxg4 hxg4 44. Kg3 b3 45. Rd3 Rg1+ 46. Kf2 Rh1 47. Kg2 Re1 48. Rxb3 Rxe4 49. Kg3 f5 50. gxf6+ Kxf6 51. Kxg4 Re1 52. Rb6+ Kg7 53. b4 Rg1+ 54. Kf3 Rh1 55. Ke4 Rxh4 56. Ke5 Rh5+ 57. Ke4 Rh4 58. Rb5 Kf6 59. Rc5 Rh1 60. Rc6+ Kf7 61. Rc4 Ke6 62. Rc6+ Kf7 63. Ke5 Rb1 64. Rc4 Ke7 65. Rc7+ Kd8 66. Rc4 Ke7 67. Rc7+ Kd8 68. Rb7 Kc8 69. Rb6 Rg1 70. Rf6 Rg4 71. Kd6 Kb7 72. Kc5 g5 73. Rf7+ Kc8 74. f5 Rf4 75. b5 g4 76. Kb6 g3 77. Rf8+ Kd7 78. Rg8 Rf3 79. Ka6 Ke7 80. Rg6 Kf7 81. b6 Rb3 82. b7 Ra3+ 83. Kb6 Rb3+ 84. Kc7 Rc3+ 85. Kb8 Ra3 86. Rg4 Kf6 87. Rg8 Kxf5 88. Kc7 Rc3+ 89. Kd6 Rb3 90. b8=Q Rxb8 91. Rxb8 Ke4 {[%emt 0:00:08] Ke5+} 1/2-1/2

[Event "35th European Club Cup 2019"]
[Site "Ulcinj"]
[Date "2019.11.13"]
[Round "4.16"]
[White "De Jong, Jan-Willem"]
[Black "Mohr, Georg"]
[Result "1-0"]
[ECO "B07"]
[WhiteElo "2446"]
[BlackElo "2437"]
[Annotator "NA"]
[PlyCount "131"]
[EventDate "2019.11.10"]
[EventType "team-tourn"]
[EventCountry "MNE"]
[SourceTitle "playchess.com"]
[Source "ChessBase"]
[SourceQuality "1"]
[TimeControl "40/5400+30:1800+30"]

1. d4 d6 2. e4 Nf6 3. Nc3 e5 4. Nf3 exd4 5. Nxd4 Be7 6. Bf4 Nc6 7. Be2 O-O 8. O-O Re8 9. Qd2 Bf8 10. Rad1 Bd7 11. f3 g6 12. Be3 Bg7 13. Rfe1 a6 14. Bf1 Nxd4 15. Bxd4 Be6 16. Qf2 Qe7 17. e5 Nh5 18. exd6 cxd6 19. Nd5 Qd8 20. Bb6 Qd7 21. Nc7 Bxb2 22. Nxa8 Rxa8 23. Bc5 Qa4 24. Bxd6 Bc3 25. Rxe6 fxe6 26. Qe3 Bg7 27. Qxe6+ Kh8 28. Qc4 Qd7 29. Qc7 Qe6 30. Qe7 Qxa2 31. Be5 Qa5 32. Bxg7+ Nxg7 33. Rd7 Qb6+ 34. Kh1 Rg8 35. h3 Qb1 36. Kg1 b5 37. Rc7 Qb2 38. c3 Qc1 39. Qe5 Qd2 40. Ra7 Qa2 41. Qxb5 Qxg2+ 42. Kxg2 axb5 43. Bxb5 Nf5 44. Bd3 Ne3+ 45. Kg3 Rc8 46. Kf4 Nd5+ 47. Ke5 Nxc3 48. Be4 Rf8 49. h4 Ne2 50. h5 Nf4 51. h6 Nh3 52. Bd5 Ng5 53. f4 Nh3 54. Bf7 Nf2 55. Kf6 Ng4+ 56. Kg5 Ne3 57. Ra5 Nf5 58. Be6 Nd6 59. Re5 Ne8 60. Bf7 Nd6 61. Be6 Ne8 62. Bd7 Nf6 63. Bh3 Ne8 64. Re6 Kg8 65. Rc6 Kh8 66. Rc8 1-0

[Event "35th European Club Cup 2019"]
[Site "Ulcinj"]
[Date "2019.11.13"]
[Round "4.17"]
[White "Kobalia, Mikhail"]
[Black "Rogozenco, Dorian"]
[Result "1-0"]
[ECO "B30"]
[WhiteElo "2608"]
[BlackElo "2484"]
[Annotator "ChessBase"]
[PlyCount "117"]
[EventDate "2019.11.10"]
[EventType "team-tourn"]
[EventCountry "MNE"]
[SourceTitle "playchess.com"]
[Source "ChessBase"]
[SourceQuality "1"]
[WhiteTeam "Moscow Chess Team"]
[BlackTeam "Lysa nad Labem"]
[TimeControl "40/5400+30:1800+30"]

1. e4 c5 2. Nf3 Nc6 3. Bb5 Nf6 4. Bxc6 dxc6 5. d3 Bg4 6. Nbd2 Nd7 7. h3 Bh5 8. Nf1 e5 9. Bd2 f6 10. Ng3 Bf7 11. O-O Qc7 12. Qe2 g6 13. a4 Bd6 14. c3 O-O 15. Bh6 Rfe8 16. Nh2 Kh8 17. Qe3 c4 18. Rfd1 Rad8 19. Ng4 Be7 20. Qf3 c5 21. Nf1 Qc6 22. Nfe3 cxd3 23. Rxd3 f5 24. Rxd7 Qxd7 25. exf5 e4 26. Qg3 Qd6 27. Bf4 Qa6 28. Be5+ Kg8 29. fxg6 Qxg6 30. Nh6+ Kf8 31. Nef5 Bf6 32. Bd6+ Be7 33. Be5 Bf6 34. Qxg6 hxg6 35. Bxf6 gxf5 36. Bxd8 Rxd8 37. Nxf5 Bb3 38. Ng3 Bc2 39. a5 c4 40. Re1 Re8 41. Nf5 Re5 42. Nd4 Bd3 43. Ra1 a6 44. Ra4 e3 45. fxe3 Rxe3 46. Rb4 Re5 47. Rxb7 Rxa5 48. Kf2 Kg8 49. h4 Ra1 50. g4 a5 51. h5 a4 52. h6 a3 53. bxa3 Rxa3 54. Ne6 Ra6 55. Rg7+ Kh8 56. Re7 Kg8 57. Ke3 Ra1 58. Rg7+ Kh8 59. Nd8 1-0

[Event "35th European Club Cup 2019"]
[Site "Ulcinj"]
[Date "2019.11.13"]
[Round "4.18"]
[White "Van Ketel, Raoul"]
[Black "Bratkovic, Sham"]
[Result "0-1"]
[ECO "D10"]
[WhiteElo "2212"]
[BlackElo "2232"]
[Annotator "NA"]
[PlyCount "82"]
[EventDate "2019.11.10"]
[EventType "team-tourn"]
[EventCountry "MNE"]
[SourceTitle "playchess.com"]
[Source "ChessBase"]
[SourceQuality "1"]
[TimeControl "40/5400+30:1800+30"]

1. d4 d5 2. c4 c6 3. cxd5 cxd5 4. Bf4 Nc6 5. e3 Nf6 6. Nc3 Bf5 7. Qb3 Na5 8. Qa4+ Bd7 9. Qc2 Rc8 10. Bd3 e6 11. h3 Qb6 12. Nge2 Bd6 13. O-O Bxf4 14. Nxf4 O-O 15. Qe2 Nc4 16. Rab1 Qd6 17. Rfd1 b5 18. Rbc1 Qb4 19. b3 Nd6 20. Qb2 Qa5 21. Nb1 b4 22. a4 bxa3 23. Nxa3 Qb6 24. Rxc8 Rxc8 25. Rb1 Qb4 26. Bc2 Nfe4 27. Bxe4 Nxe4 28. Nd3 Qc3 29. Ne5 Be8 30. Qxc3 Rxc3 31. Rb2 f6 32. Nf3 Rc1+ 33. Kh2 Rf1 34. Rc2 Nxf2 35. Rc8 Rh1+ 36. Kg3 Ne4+ 37. Kf4 Nd6 38. Rd8 g5+ 39. Nxg5 fxg5+ 40. Kf3 Rf1+ 41. Ke2 Ra1 0-1

[Event "35th European Club Cup 2019"]
[Site "Ulcinj"]
[Date "2019.11.13"]
[Round "4.19"]
[White "Cernousek, Lukas"]
[Black "Petenyi, Tamas"]
[Result "1-0"]
[ECO "A50"]
[WhiteElo "2461"]
[BlackElo "2420"]
[Annotator "ChessBase"]
[PlyCount "81"]
[EventDate "2019.11.10"]
[EventType "team-tourn"]
[EventCountry "MNE"]
[SourceTitle "playchess.com"]
[Source "ChessBase"]
[SourceQuality "1"]
[WhiteTeam "Unichess"]
[BlackTeam "Dunajska Streda"]
[TimeControl "40/5400+30:1800+30"]

1. d4 Nf6 2. c4 b6 3. f3 Nc6 4. e4 e5 5. d5 Nxe4 6. fxe4 Qh4+ 7. Kd2 Nd4 8. Nc3 Qf2+ 9. Kd3 Ba6 10. Nh3 Qf6 11. Be3 c6 12. Kd2 Bc5 13. Qg4 O-O 14. Bd3 b5 15. cxb5 cxb5 16. Ne2 Qb6 17. Nxd4 Bxd4 18. Qe2 Rac8 19. Rhc1 f5 20. exf5 e4 21. Rxc8 Rxc8 22. Bxe4 Re8 23. Qd3 Qa5+ 24. Kc2 Bf6 25. Nf2 b4 26. Qd2 Qc7+ 27. Kd1 Qxh2 28. Rc1 Qh4 29. d6 h6 30. Kc2 Rc8+ 31. Kb1 Rxc1+ 32. Kxc1 Kh8 33. Bf4 Bc4 34. Qe3 Bxa2 35. Qg3 Qxg3 36. Bxg3 a5 37. Ng4 Bg5+ 38. Kc2 a4 39. Ne5 a3 40. b3 h5 41. Nf7+ 1-0

[Event "35th European Club Cup 2019"]
[Site "Ulcinj"]
[Date "2019.11.13"]
[Round "4.20"]
[White "Bagi, Mate"]
[Black "Simek, Petr"]
[Result "*"]
[ECO "C48"]
[WhiteElo "2470"]
[BlackElo "2307"]
[Annotator "RC"]
[PlyCount "27"]
[EventDate "2019.11.10"]
[EventType "team-tourn"]
[EventCountry "MNE"]
[SourceTitle "playchess.com"]
[Source "ChessBase"]
[SourceQuality "1"]
[WhiteTeam "Dunajska Streda"]
[BlackTeam "Unichess"]
[TimeControl "40/5400+30:1800+30"]

1. e4 e5 2. Nf3 Nc6 3. Nc3 Nf6 4. Bb5 Nd4 5. Bc4 Bc5 6. d3 d6 7. Na4 b5 8. Nxd4 bxc4 9. Nf5 Bxf5 10. exf5 cxd3 11. Nxc5 dxc5 12. Qxd3 Qxd3 13. cxd3 O-O-O 14. Ke2 *

[Event "35th European Club Cup 2019"]
[Site "Ulcinj"]
[Date "2019.11.13"]
[Round "4.21"]
[White "Sokolov, Andrei"]
[Black "Gibicar, Danijel"]
[Result "1-0"]
[ECO "C03"]
[WhiteElo "2497"]
[BlackElo "2229"]
[Annotator "ChessBase"]
[PlyCount "48"]
[EventDate "2019.11.10"]
[EventType "team-tourn"]
[EventCountry "MNE"]
[SourceTitle "playchess.com"]
[Source "ChessBase"]
[SourceQuality "1"]
[WhiteTeam "Mulhouse"]
[BlackTeam "De Sprenger Echternach"]
[TimeControl "40/5400+30:1800+30"]

1. e4 e6 2. d4 d5 3. Nd2 a6 4. Bd3 c5 5. dxc5 Bxc5 6. Ngf3 Nc6 7. O-O Nge7 8. exd5 Nxd5 9. Ne4 Be7 10. c3 O-O 11. Re1 h6 12. Bc2 Qc7 13. Ng3 Nf6 14. Qe2 Bd7 15. Be3 Rfe8 16. Rad1 Rad8 17. h3 e5 18. Ne4 Be6 19. Nxf6+ Bxf6 20. Nh2 Rxd1 21. Qxd1 Qd7 22. Qh5 Qe7 23. Ng4 Bg5 24. a3 Bc4 1-0